 Dungeon Crawl Stone Soup version 0.25-a0-513-ge77a69270c (webtiles) character file.

Game seed: 13767207488088103862, levelgen mode: deterministic

14 Notrik the Skirmisher (level 2, -1/26 HPs)
             Began as a Draconian Berserker on Feb 16, 2020.
             Was a Follower of Trog.
             Slain by a gnoll
             ... wielding a +0 spear
              (12 damage)
             ... on level 1 of the Dungeon.
             The game lasted 00:00:52 (329 turns).

Notrik the Skirmisher (Draconian Berserker)          Turns: 329, Time: 00:00:52

Health: -1/26      AC:  4    Str: 19    XL:     2   Next: 31%
Magic:  2/2        EV: 12    Int:  7    God:    Trog [*.....]
Gold:   20         SH:  0    Dex: 10    Spells: 1/1 levels left

rFire    . . .     SeeInvis .     - Unarmed
rCold    . . .     Gourm    .   (no shield)
rNeg     . . .     Faith    .   (armour unavailable)
rPois    .         Spirit   .   (helmet restricted)
rElec    .         Reflect  .   (no cloak)
rCorr    .         Harm     .   (no gloves)
MR       .....                  (no boots)
Stlth    +.........             (no amulet)
HPRegen  0.08/turn              (no ring)
MPRegen  0.08/turn              (no ring)

@: no status effects
A: unfitting armour, cold-blooded, AC +4
a: Berserk, Renounce Religion


You were on level 1 of the Dungeon.
You worshipped Trog.
Trog was aware of your devotion.
You were not hungry.

You visited 1 branch of the dungeon, and saw 1 of its levels.

You collected 20 gold pieces.

Inventory:

Scrolls
 b - a scroll of fear {unknown}
 c - a scroll of remove curse {unknown}
 d - a scroll of identify {unknown}
Comestibles
 a - 5 chunks of flesh
 e - 2 rations {!d}


   Skills:
 + Level 3.6 Fighting
 + Level 2.9 Dodging
 + Level 3.2 Unarmed Combat


You had one spell level left.
You didn't know any spells.
Your spell library was empty.

Dungeon Overview and Level Annotations

Branches:
Dungeon (1/15)

Altars:


Innate Abilities, Weirdness & Mutations

Your plain brown scales are hard. (AC +4)
You cannot fit into any form of body armour.
You are cold-blooded and may be slowed by cold attacks.


Message History

You kill the bat!
Trog accepts your kill.
No target in view!
No target in view!
No target in view!
No target in view!
No target in view!
No target in view!
No target in view!
Found a ration.
You now have 20 gold pieces (gained 7).
A goblin comes into view.
A goblin is nearby!
A goblin is nearby!
A goblin is nearby!
No target in view!
No target in view!
No target in view!
No target in view!
No target in view!
No target in view!
No target in view!
No target in view!
No target in view!
You butcher the bat corpse.
a - 5 chunks of flesh (gained 1)
You see here a bat skeleton. x2
No target in view!
A bat comes into view.
A bat is nearby!
A goblin and a gnoll come into view.
The gnoll shouts!
The bat barely misses you. The bat closely misses you.
Found 13 gold pieces.
You closely miss the bat. The bat hits you but does no damage.
You hit the bat. The bat hits you but does no damage.
The gnoll barely misses you. The gnoll hits you with a +0 spear!
You closely miss the gnoll. The bat closely misses you.
The gnoll hits you with a +0 spear.
* * * LOW HITPOINT WARNING * * *
You barely miss the gnoll. The bat misses you.
The goblin hits you but does no damage. The gnoll misses you.
You closely miss the gnoll. You tail-slap the gnoll.
The bat hits you but does no damage. The gnoll closely misses you.
The goblin closely misses you.
You barely miss the gnoll.
You tail-slap the gnoll, but do no damage.
The bat barely misses you. The goblin misses you.
The gnoll hits you with a +0 spear!
You die...

. ... #. ..# .## #.. #
.. ....## ####.#.#$#.#.#
..............#.# #
####.#.#g#.#.#..#.#.#
......g@..........#.##
....#.#.#.#.#.#.#....
.....%b.........#.#.####
...#.#.#.#.#.#.#..#.....
................#.......
....#.#.#.#÷#.#.........
...............#........
####.#.#.#.#.#.#.÷).####
##..........#..(.#


You could see a gnoll, a goblin and a bat.

Vanquished Creatures
  A leopard gecko (D:1)
  A giant cockroach (D:1)
  4 hobgoblins (D:1)
  2 kobolds (D:1)
  3 bats (D:1)
  A frilled lizard (D:1)
  A rat (D:1)
13 creatures vanquished.

Notes
Turn   | Place    | Note
-------+----------+-------------------------------------------
     0 | D:1      | Notrik the Draconian Berserker began the quest for the Orb.
     0 | D:1      | Reached XP level 1. HP: 19/19 MP: 1/1
   244 | D:1      | Reached XP level 2. HP: 24/26 MP: 2/2
   329 | D:1      | Slain by a gnoll

Levels and vault maps discovered:
D:1:      matt_arrival_refuge, layout_basic, kennysheep_nondescript, hex_medium

Action                   || total
-------------------------++-------
Melee: Unarmed           ||    48
       Tailslap          ||     8
Armor: Skin              ||    20
Dodge: Dodged            ||    42

Table legend:
 A = Non-vault XP
 B = Vault XP
 C = Vault XP percentage of total XP
 D = Non-vault monster count
 E = Vault monster count
 F = Vault count percentage of total count
                 A         B        C        D         E       F
            +---------+---------+-------+---------+---------+-------
      Total |      21 |       0 |   0.0 |      13 |       0 |   0.0
            +---------+---------+-------+---------+---------+-------
        D:1 |      21 |       0 |   0.0 |      13 |       0 |   0.0
            +---------+---------+-------+---------+---------+-------
